 Dungeon Sprint DCSS version 0.30-a0-986-g7f2e898f52 (webtiles) character file.

Game seed: 14632743958625375926

1663 Patoropollo the Fighter (level 8, -17/82 HPs)
             Began as a Green Draconian Fighter on Apr 1, 2023.
             Was a High Priest of Qazlal.
             Demolished by Kupoec the pandemonium lord (36 damage)
             ... in the Dungeon (Sprint V: "Ziggurat Sprint").
             The game lasted 00:11:22 (489 turns).

Patoropollo the Fighter (Green Draconian Fighter)    Turns: 489, Time: 00:11:22

Health: -17/82     AC: 12    Str: 25    XL:     8   Next: 69%
Magic:  3/8        EV: 17    Int:  8    God:    Qazlal [*****.]
Gold:   0          SH: 22    Dex: 19    Spells: 7/7 levels left

rFire   . . .      SeeInvis .    C - +11 Screaming Sword {sonic wave}
rCold   . . .      Faith    .    j - +3 kite shield
rNeg    . . .      Spirit   .    (body armour unavailable)
rPois   +          Reflect  .    (helmet restricted)
rElec   .          Rampage  .    a - +2 cloak {Will+}
rCorr   .          NoTele   +    (no gloves)
Will    +....                    (no boots)
Stlth   +                        (no amulet)
HPRegen 0.33/turn                A - +6 ring of strength
MPRegen 0.11/turn                x - +6 ring of dexterity

@: short of breath, protected from physical damage, hasted, repel missiles, very
quick
A: breathe noxious fumes, AC +6, unfitting armour, poison resistance,
cold-blooded
a: Breathe Noxious Fumes, Renounce Religion, Upheaval, Elemental Force, Disaster
Area


You were in the Dungeon.
You worshipped Qazlal.
Qazlal was extremely pleased with you.
You visited 1 branch

Inventory:

Hand Weapons
 C - the +11 Screaming Sword (weapon) {sonic wave}
   (You found it in the Dungeon)
Armour
 a - a +2 cloak of willpower (worn)
 j - a +3 kite shield (worn)
Jewellery
 n - the ring of the Usurping Gods {rC- rN+++ Will+ rCorr Str+2}
   (You found it in the Dungeon)

   [ring of willpower]

   Str:       It affects your strength (+2).
   rC:        It makes you vulnerable to cold.
   rN:        It renders you almost immune to negative energy.
   rCorr:     It protects you from acid and corrosion.
   Will:      It increases your willpower.
 v - a ring of flight
 x - a +6 ring of dexterity (right hand)
 A - a +6 ring of strength (left hand)
Wands
 s - a wand of mindburst (7)
 t - a wand of iceblast (4) (quivered)
 u - a wand of light (7)
Scrolls
 i - 4 scrolls of blinking
 o - 4 scrolls of amnesia
 p - 7 scrolls of fog
 q - 5 scrolls of identify
 r - 2 scrolls of fear
Potions
 c - 6 potions of might
 d - 10 potions of curing
 e - 9 potions of heal wounds
 f - 5 potions of haste
 g - 7 potions of magic
 h - 3 potions of berserk rage
 k - 2 potions of brilliance
 l - 2 potions of invisibility
 m - 4 potions of resistance


   Skills:
 + Level 11.4 Fighting
 + Level 10.2 Long Blades
 + Level 9.6 Dodging
 + Level 10.5 Shields


You had 7 spell levels left.
You didn't know any spells.
Your spell library was empty.

Dungeon Overview and Level Annotations

Branches:
Dungeon (1/1)

Altars:
Ashenzari
Cheibriados
Dithmenos
Elyvilon
Fedhas
Gozag
Hepliaklqana
Kikubaaqudgha
Makhleb
Nemelex Xobeh
Okawaru
Qazlal
Ru
Sif Muna
Trog
Uskayaw
Vehumet
Wu Jian
Xom
Yredelemnul
Zin
The Shining One
Jiyva
Lugonu


Innate Abilities, Weirdness & Mutations

You can breathe blasts of noxious fumes.
Your lurid green scales are hard. (AC +6)
You cannot fit into any form of body armour.
Your system is resistant to poisons. (rPois)
You are cold-blooded and may be slowed by cold attacks.


Message History

The ice devil is heavily wounded.
Kupoec is lightly wounded.
You block Kupoec's attack.
You slash Kupoec!
The Screaming Sword yells, "I AM A SEXY SHOELESS GOD OF WAR!"
You send a blast of sound all around you.
The phantasmal warrior is almost destroyed.
You destroy the wraith!
The wraith disappears in a puff of smoke!
You destroy the wraith!
The wraith disappears in a puff of smoke!
Kupoec is moderately wounded.
The hellwing is heavily wounded.
The orange demon is almost dead.
The ice devil is almost dead.
You tail-slap Kupoec, but do no damage.
Kupoec is moderately wounded.
Kupoec gestures at you.
You feel haunted.
You block the phantasmal warrior's attack.
You slash Kupoec! You tail-slap Kupoec, but do no damage.
Kupoec is moderately wounded.
You block Kupoec's attack.
You block the phantasmal warrior's attack.
Unknown command.
You hit Kupoec but do no damage. You tail-slap Kupoec, but do no damage.
Kupoec is moderately wounded.
Kupoec kicks you!!
You feel more protected from physical attacks.
You block the phantasmal warrior's attack.
Kupoec barely misses you. The phantasmal warrior hits you!!
* * * LOW HITPOINT WARNING * * *
You feel much better.
You block the phantasmal warrior's attack. x2
Kupoec gestures at you.
You feel your power leaking away.
You hit Kupoec but do no damage.
Kupoec is moderately wounded.
You block the phantasmal warrior's attack.
You block the orange demon's attack. Kupoec kicks you!!!
You die...

▓.."}}..▓
▓..)|)..▓
▓.......▓
▓.......▓
▓...4...▓
..W44°.
▓.▓W&W▓.▓
▓...@W..▓
▓▓▓▓▓▓▓▓▓


You could see Kupoec, an orange demon, 3 phantasmal warriors, a hellwing, an ice
devil and a freezing wraith (summoned).

Vanquished Creatures
  2 polar bears (D)
  3 spriggans (D)
  3 ice beasts (D)
  A floating eye (D)
  3 phantoms (D)
  A jelly (D)
  2 iron imps (D)
  2 white imps (D)
  A ball python skeleton (D)
  A bat simulacrum (D)
  A giant cockroach simulacrum (D)
20 creatures vanquished.

Notes
Turn   | Place    | Note
-------+----------+-------------------------------------------
     0 | D        | Patoropollo the Draconian Fighter began the quest for the
                  | Orb.
     0 | D        | Reached XP level 1. HP: 19/19 MP: 1/1
     2 | D        | Found a blossoming altar of Fedhas.
     2 | D        | Found the +6 Majin-Bo {spellvamp, MP+6 Int+6}
     2 | D        | Found the +27 heavy crossbow "Sniper" {heavy, Acc+∞ SInv}
     2 | D        | Found the +10 dark maul {heavy}
     2 | D        | Found the +15 Maxwell's patent armour {-Cast -Tele rElec
                  | Will+ rCorr}
     2 | D        | Found the +18 shield of the Gong {Loud rN+ Will+ rCorr
                  | EV-5}
     2 | D        | Found the +16 obsidian axe {drain, demonic, Mesm Drain Fly
                  | SInv}
     2 | D        | Found the +7 great mace "Firestarter" {flame, inner flame,
                  | rFlCloud rF++}
     2 | D        | Found the +6 shillelagh "Devastator" {shatter}
     2 | D        | Found the +11 plutonium sword {Contam Stlth-}
     2 | D        | Found the +8 lance "Wyrmbane" {slay drac, rPois rF+ rC+
                  | AC+3}
     2 | D        | Found the +9 sword of Zonguldrok {reap}
     2 | D        | Found the +13 scythe of Curses {drain, curses, Drain}
     2 | D        | Found the +9 sword of Power {lifebolt}
     2 | D        | Found the +7 mace of Variability {chaos, chain chaos}
     2 | D        | Found the +11 Singing Sword {sonic wave}
     2 | D        | Found the +8 storm bow {elec, penet}
     6 | D        | Found a shimmering blue altar of Sif Muna.
     6 | D        | Found a sacrificial altar of Ru.
     6 | D        | Found a bloodstained altar of Trog.
     6 | D        | Found a stormy altar of Qazlal.
     6 | D        | Found an iron altar of Okawaru.
     6 | D        | Found a sparkling altar of Nemelex Xobeh.
     8 | D        | Found a transporter.
     8 | D        | Found an ancient bone altar of Kikubaaqudgha.
     8 | D        | Found a viscous altar of Jiyva.
     8 | D        | Found a corrupted altar of Lugonu.
     8 | D        | Found a hazy altar of Hepliaklqana.
     8 | D        | Found a burning altar of Makhleb.
     8 | D        | Found an opulent altar of Gozag.
   120 | D        | Became a worshipper of Qazlal Stormbringer
   141 | D        | Entered arena 2.
   141 | D        | Noticed a jelly
   141 | D        | Noticed a floating eye
   141 | D        | Found a transporter.
   143 | D        | Killed a jelly
   143 | D        | Killed a floating eye
   144 | D        | Reached skill level 6 in Fighting
   144 | D        | Reached skill level 5 in Long Blades
   144 | D        | Reached skill level 5 in Dodging
   144 | D        | Reached skill level 5 in Shields
   144 | D        | Reached XP level 2. HP: 14/30 MP: 2/2
   144 | D        | Reached XP level 3. HP: 17/37 MP: 3/3
   144 | D        | Reached XP level 4. HP: 20/44 MP: 4/4
   155 | D        | Reached skill level 8 in Fighting
   155 | D        | Reached XP level 5. HP: 28/53 MP: 5/5
   247 | D        | Entered arena 3.
   247 | D        | Noticed a spriggan
   247 | D        | Noticed a spriggan
   247 | D        | Noticed a spriggan
   247 | D        | Found a transporter.
   255 | D        | Killed a spriggan
   255 | D        | Reached * piety under Qazlal
   256 | D        | Reached XP level 6. HP: 25/62 MP: 6/6
   256 | D        | Killed a spriggan
   257 | D        | Reached skill level 9 in Fighting
   257 | D        | Your scales start taking on a lurid green colour.
   257 | D        | Reached XP level 7. HP: 25/70 MP: 7/7
   257 | D        | Gained mutation: Your system is resistant to poisons.
                  | (rPois) [Green Draconian growth]
   259 | D        | Killed a spriggan
   404 | D        | Entered arena 4.
   404 | D        | Noticed a polar bear
   404 | D        | Found a transporter.
   409 | D        | Reached ** piety under Qazlal
   409 | D        | Killed a polar bear
   410 | D        | Reached skill level 10 in Fighting
   421 | D        | Reached XP level 8. HP: 71/81 MP: 8/8
   440 | D        | Entered arena 5.
   440 | D        | Found a transporter.
   444 | D        | Reached *** piety under Qazlal
   448 | D        | Reached **** piety under Qazlal
   449 | D        | Reached skill level 10 in Shields
   453 | D        | Got the ring of the Usurping Gods {rC- rN+++ Will+ rCorr
                  | Str+2}
   464 | D        | Entered arena 6.
   464 | D        | Noticed a polar bear
   464 | D        | Found a transporter.
   467 | D        | Reached skill level 11 in Fighting
   468 | D        | Killed a polar bear
   469 | D        | Reached skill level 10 in Long Blades
   469 | D        | Reached ***** piety under Qazlal
   478 | D        | Entered arena 7.
   478 | D        | Noticed Kupoec the pandemonium lord
   478 | D        | Noticed a hellwing
   478 | D        | Noticed an orange demon
   478 | D        | Noticed an ice devil
   484 | D        | Noticed a phantasmal warrior
   486 | D        | Noticed a phantasmal warrior
   486 | D        | Noticed a freezing wraith
   486 | D        | Noticed a phantasmal warrior
   487 | D        | HP: 2/82 [phantasmal warrior[Kupoec] (23)]
   489 | D        | Demolished by Kupoec the pandemonium lord

Illustrated notes

Levels and vault maps discovered:
D:        sprint_v [room_start, room_1, room_2, room_3, room_4, room_5, room_6,
          room_7, room_8, room_9, room_10, room_11, room_12, room_13, room_14,
          room_15, room_16, room_17, room_18, room_19, room_20, room_21,
          room_22, room_23, room_24, room_25, room_26, room_27]

Skill      XL: |  1  2  3  4  5  6  7  8 |
---------------+-------------------------+-----
Fighting       | 6 8 9 10 11 | 11.4
Long Blades    | 5 7 8 9 10 | 10.2
Dodging        | 5 6 7 8 9 |  9.6
Shields        | 5 7 8 9 10 | 10.5

Action                     |  1- 3 |  4- 6 |  7- 9 || total
---------------------------+-------+-------+-------++-------
  Melee: Double sword      |     1 |     8 |    29 ||    38
         Tailslap          |       |       |     5 ||     5
Ability: Breathe Noxious F |       |       |     2 ||     2
  Evoke: Wand              |       |       |     3 ||     3
    Use: Potion            |       |     1 |     2 ||     3
 Armour: Skin              |       |     2 |     5 ||     7
  Dodge: Dodged            |       |     7 |    14 ||    21
  Block: Kite shield       |       |    11 |    42 ||    53

Table legend: (Time is in decaauts)
 A = Elapsed time spent in this place.
 B = Non-inter-level travel time spent in this place.
 C = Inter-level travel time spent in this place.
 D = Time resting spent in this place.
 E = Time spent auto-exploring this place.
 F = Levels seen in this place.
 G = Mean time per level.
                   A        B        C        D        E       F      G
               +--------+--------+--------+--------+--------+-----+--------+
         Total |    493 |    484 |      9 |      0 |    214 |   1 |  493.0 |
       Dungeon |    493 |    484 |      9 |      0 |    214 |   1 |  493.0 |
               +--------+--------+--------+--------+--------+-----+--------+

Top non-repeatable levels by time:
       D: 493 daAuts
